 Dungeon Crawl Stone Soup version 0.29-a0-344-ge2f44be95a (webtiles) character file.

Game seed: 9060636240735141704

2633 Ijustatesigmund the Thaumaturge (level 9, -7/48 HPs)
             Began as a Deep Elf Conjurer on Apr 22, 2022.
             Was an Initiate of Vehumet.
             Mangled by an ogre
             ... wielding a +0 giant club
              (27 damage)
             ... on level 7 of the Dungeon.
             The game lasted 00:20:23 (8534 turns).

Ijustatesigmund the Thaumaturge (Deep Elf Conjurer) Turns: 8534, Time: 00:20:24

Health: -7/48      AC:  7    Str:  6    XL:     9   Next: 35%
Magic:  13/26      EV: 13    Int: 28    God:    Vehumet [......]
Gold:   437        SH:  0    Dex: 13    Spells: 27/30 levels left

rFire   . . .      SeeInvis .   c - +3 flail
rCold   . . .      Faith    .   (no shield)
rNeg    . . .      Spirit   .   a - +0 robe
rPois   .          Reflect  .   o - +0 helmet
rElec   +          Harm     .   (no cloak)
rCorr   .          Rampage  .   (no gloves)
Will    +....                   (no boots)
Stlth   ++........              (no amulet)
HPRegen 0.16/turn               n - +4 ring of protection
MPRegen 0.20/turn               h - ring of willpower

@: no status effects
A: electricity resistance, strong 1
a: Renounce Religion


You were on level 7 of the Dungeon.
You worshipped Vehumet.
Vehumet was noncommittal.
You visited 2 branches of the dungeon, and saw 8 of its levels.

You collected 437 gold pieces.

Inventory:

Hand Weapons
 c - a +3 flail (weapon)
Armour
 a - a +0 robe (worn)
 o - a +0 helmet (worn)
Jewellery
 h - a ring of willpower (right hand)
 n - a +4 ring of protection (left hand)
Wands
 d - a wand of mindburst (9)
 j - a wand of acid (7)
 q - a wand of charming (13)
 r - a wand of polymorph (3)
Scrolls
 g - 3 scrolls of teleportation
 m - 2 scrolls of holy word
 p - 4 scrolls of identify
Potions
 b - a potion of magic
 e - a potion of might
 f - a potion of resistance
 i - a potion of curing
 k - a potion of lignification
 l - 6 potions of mutation


   Skills:
 - Level 2.0 Fighting
 - Level 3.3 Dodging
 - Level 2.4 Stealth
 + Level 11.4 Spellcasting
 + Level 10.3 Conjurations
 - Level 2.4 Evocations


You had 27 spell levels left.
You knew the following spells:

 Your Spells              Type           Power      Damage    Failure   Level
a - Magic Dart            Conj           100%       1d8       1%          1
b - Searing Ray           Conj           100%       2d8       1%          2

Your spell library contained the following spells:

 Spells                   Type           Power      Damage    Failure   Level
 Dazzling Flash           Conj/Hex       90%        N/A       1%          3
 Slow                     Hex            64%        N/A       3%          1
 Fulminant Prism          Conj/Hex       22%        3d13      4%          4
 Iskenderun's Mystic Bla  Conj/Tloc      45%        2d10      4%          4
 Confusing Touch          Hex            16%        N/A       11%         3
 Inner Flame              Hex/Fire       16%        N/A       11%         3
 Vampiric Draining        Necr           16%        2d7       11%         3
 Lightning Bolt           Conj/Air       22%        1d38      12%         5
 Airstrike                Air            8%         N/A       34%         4
 Cause Fear               Hex            8%         N/A       34%         4
 Summon Lightning Spire   Summ/Air       16%        N/A       34%         4
 Discord                  Hex            8%         N/A       100%        8


Dungeon Overview and Level Annotations

Branches:
Dungeon (7/15)             Temple (1/1) D:4

Altars:
Ashenzari
Cheibriados
Dithmenos
Elyvilon
Fedhas
Hepliaklqana
Kikubaaqudgha
Makhleb
Nemelex Xobeh
Okawaru
Qazlal
Ru
Uskayaw
Vehumet
Xom
The Shining One


Innate Abilities, Weirdness & Mutations

You are resistant to electric shocks. (rElec)
Your muscles are strong. (Str +2)


Message History

(Press . to maintain the ray.)
You hear a shout!
The searing ray misses the orc warrior.
The searing ray hits the orc warrior.
The orc warrior is moderately wounded.
The orc warrior hits you from afar with a +0 trident!
The searing ray hits the orc warrior!
The orc warrior is heavily wounded.
You finish channelling your searing ray.
The orc warrior hits you from afar with a +0 trident!
Aiming: Mindburst
Press: ? - help, Shift-Dir - straight line, f/p - orc warrior
Aim: an orc warrior, wielding a +0 trident and wearing a +0 chain mail (heavily wounded, chance to affect: 74%)
The orc warrior's mind is blasted.
The orc warrior barely misses you.
Aiming: Corrosive Bolt
Press: ? - help, Shift-Dir - straight line, f/p - orc warrior
Aim: an orc warrior, wielding a +0 trident and wearing a +0 chain mail (severely wounded, 68% to hit)
The bolt of acid hits the orc warrior!!
The acid corrodes the orc warrior!
You kill the orc warrior!
Vehumet accepts your kill.
You start resting.
An ogre comes into view. It is wielding a +0 giant club.
Casting: Searing Ray (safe; 1% risk of failure)
Confirm with . or Enter, or press ? or * to list all spells.
Aiming: Searing Ray (safe; 1% risk of failure)
Press: ? - help, Shift-Dir - straight line, f - ogre
Aim: an ogre, wielding a +0 giant club (92% to hit)
The searing ray hits the ogre!
The ogre is moderately wounded. (Press . to maintain the ray.)
The searing ray hits the ogre!
The ogre is severely wounded.
The searing ray hits the ogre.
The ogre is almost dead.
The searing ray hits the ogre.
The ogre is almost dead.
You finish channelling your searing ray.
The ogre hits you with a +0 giant club!!
Ouch! That really hurt!
You die...

≈≈≈)...≈≈≈≈≈≈≈≈≈ ≈
≈≈≈....≈≈≈≈≈≈≈≈≈≈ ≈≈
≈≈≈...C≈≈≈≈≈≈≈≈≈≈ ...
................. ...
....../......... ..
..)..........#
#####.#####...)......#
......))O@+.).........
######.####.÷.)......#
#. #..........# ..
#...)####### ♣≈♣
####)# .. #)# #≈≈ #.#
#P♣ ###.#### #.)....#


You could see an ogre.

Vanquished Creatures
  A cyclops (D:7)
  Sigmund (D:5)
  2 water moccasins
  An ice beast (D:6)
  2 orc warriors (D:7)
  An ogre (D:7)
  A phantom (D:4)
  Blork the orc (D:5)
  A bullfrog (D:4)
  A gnoll sergeant (D:7)
  5 scorpions (D:5)
  4 howler monkeys
  7 hounds
  4 orc priests (D:7)
  3 jellies
  Ijyb (D:5)
  2 iguanas (D:6)
  3 orc wizards
  7 gnolls
  10 adders
  An ufetubus (D:4)
  4 worms
  3 dart slugs
  12 orcs
  6 bats
  7 endoplasms
  3 giant cockroaches
  5 hobgoblins
  5 kobolds
  A quokka (D:2)
  8 ball pythons
  2 frilled lizards
  6 goblins
  10 rats
131 creatures vanquished.

Vanquished Creatures (others)
  5 plants (D:7)
5 creatures vanquished.

Grand Total: 136 creatures vanquished

Notes
Turn   | Place    | Note
-------+----------+-------------------------------------------
     0 | D:1      | Ijustatesigmund the Deep Elf Conjurer began the quest for
                  | the Orb.
     0 | D:1      | Reached XP level 1. HP: 10/10 MP: 6/6
   247 | D:2      | Reached XP level 2. HP: 5/15 MP: 4/8
   448 | D:2      | Learned a level 2 spell: Searing Ray
   545 | D:1      | You fall into a shaft and drop 1 floor!
   693 | D:2      | Reached skill level 4 in Spellcasting
   693 | D:2      | Reached skill level 5 in Conjurations
   693 | D:2      | Reached XP level 3. HP: 19/19 MP: 5/10
  1937 | D:2      | Reached XP level 4. HP: 24/24 MP: 6/12
  3121 | D:3      | Reached skill level 5 in Spellcasting
  3227 | D:3      | Reached skill level 1 in Evocations
  3364 | D:3      | Found a sacrificial altar of Ru.
  3886 | D:4      | Reached XP level 5. HP: 15/28 MP: 8/14
  4129 | D:4      | Noticed a phantom
  4141 | D:4      | Killed a phantom
  4413 | D:4      | Reached XP level 6. HP: 32/32 MP: 11/16
  4495 | D:4      | Found a stormy altar of Qazlal.
  4500 | D:4      | Found an ancient bone altar of Kikubaaqudgha.
  4557 | D:4      | Reached skill level 6 in Spellcasting
  4977 | D:4      | Found a staircase to the Ecumenical Temple.
  4982 | Temple   | Entered the Ecumenical Temple
  5248 | D:4      | Found an iron altar of Okawaru.
  5313 | D:5      | Entered Level 5 of the Dungeon
  5533 | D:5      | Noticed Blork the orc
  5751 | D:5      | Reached skill level 7 in Spellcasting
  5819 | D:5      | Noticed Ijyb
  5827 | D:5      | Killed Ijyb
  5828 | D:5      | Reached XP level 7. HP: 33/36 MP: 14/19
  5895 | D:5      | Noticed Sigmund
  5898 | D:5      | Killed Sigmund
  5910 | D:5      | Reached skill level 8 in Spellcasting
  5914 | D:5      | Killed Blork the orc
  6116 | D:5      | Found a radiant altar of Vehumet.
  6122 | D:5      | Became a worshipper of Vehumet
  6434 | D:5      | Reached skill level 1 in Fighting
  6434 | D:5      | Reached XP level 8. HP: 37/43 MP: 12/22
  6885 | D:6      | Reached skill level 9 in Spellcasting
  8061 | D:7      | Gained mutation: You are resistant to electric shocks.
                  | (rElec) [potion of mutation]
  8061 | D:7      | Gained mutation: Your muscles are strong. (Str +2) [potion
                  | of mutation]
  8099 | D:7      | Reached skill level 10 in Spellcasting
  8424 | D:7      | Reached XP level 9. HP: 40/48 MP: 19/25
  8492 | D:7      | Noticed a cyclops
  8513 | D:7      | Killed a cyclops
  8514 | D:7      | Reached skill level 11 in Spellcasting
  8514 | D:7      | Reached skill level 10 in Conjurations
  8534 | D:7      | Mangled by an ogre

Illustrated notes

Levels and vault maps discovered:
D:1:      dpeg_arrival_ratfight, layout_basic, serial_forest,
          infiniplex_forest_corner_1, infiniplex_forest_straight_1,
          infiniplex_forest_clump_medium, infiniplex_forest_clump_tiny,
          infiniplex_forest_clump_medium, infiniplex_forest_lined_3,
          infiniplex_forest_clump_curved, infiniplex_forest_clump_double,
          minmay_cupped
D:2:      layout_basic, minmay_misc_feat_diagonals, minmay_heptomino_h4
D:3:      layout_basic, mainiacjoe_overflow_alcove_1, minmay_misc_feat_cross
D:4:      layout_cave_pools, nicolae_overflow_hidden_temple, temple_doors_ab
D:5:      layout_loops_cross, vehumet_crystals, uniq_sigmund, uniq_ijyb,
          uniq_blork_the_orc
D:6:      layout_loops_ring
D:7:      lemuel_castle_with_subvaults [lemuel_castle_interior_original],
          layout_basic, chequers_temple_overflow_statue_of_worship,
          serial_bayou, serial_bayou_shore_a, serial_bayou_ford_a,
          serial_bayou_pond_e, serial_bayou_pond_e
Temple:   minmay_temple_curvy_loop

Skill      XL: |  1  2  3  4  5  6  7  8  9 |
---------------+----------------------------+-----
Spellcasting   | 4 5 7 8 10 11 | 11.4
Conjurations   | 5 6 7 8 9 10 | 10.3
Evocations     | 1 2 |  2.4
Dodging        | 3 |  3.3
Fighting       | 1 2 |  2.0
Stealth        | |  2.4

Action                   |  1- 3 |  4- 6 |  7- 9 || total
-------------------------+-------+-------+-------++-------
 Cast: Magic Dart        |    55 |    90 |   101 ||   246
       Searing Ray       |     1 |    10 |    27 ||    38
Evoke: Wand              |       |     2 |    14 ||    16
  Use: Scroll            |     3 |    11 |     1 ||    15
       Potion            |       |     3 |     1 ||     4
Armor: Robe              |     2 |     2 |    12 ||    16
       Skin              |       |     3 |       ||     3
Dodge: Dodged            |     5 |    22 |    30 ||    57

Table legend: (Time is in decaauts)
 A = Elapsed time spent in this place.
 B = Non-inter-level travel time spent in this place.
 C = Inter-level travel time spent in this place.
 D = Time resting spent in this place.
 E = Time spent auto-exploring this place.
 F = Levels seen in this place.
 G = Mean time per level.
                   A        B        C        D        E       F      G
               +--------+--------+--------+--------+--------+-----+--------+
         Total |   8537 |   8282 |    255 |   2597 |   4891 |   8 | 1067.1 |
       Dungeon |   8321 |   8090 |    231 |   2597 |   4704 |   7 | 1188.7 |
        Temple |    216 |    192 |     24 |      0 |    187 |   1 |  216.0 |
               +--------+--------+--------+--------+--------+-----+--------+

Top non-repeatable levels by time:
     D:4: 1702 daAuts
     D:2: 1677 daAuts
     D:6: 1157 daAuts
     D:1: 1111 daAuts
     D:5: 1102 daAuts
     D:3: 1006 daAuts
     D:7: 563 daAuts
  Temple: 216 daAuts
